 Dungeon Crawl Stone Soup version 0.30.1-11-g7821555f0a (webtiles) character file.

Game seed: 16054425702428409415

208452 pkoi the Brawler (level 18, 0/138 HPs)
             Began as a Red Draconian Monk on Oct 31, 2023.
             Was the Champion of Hepliaklqana.
             Slain by a demonic crawler (1 damage)
             ... on level 4 of the Spider Nest on Nov 2, 2023.
             The game lasted 01:49:52 (48300 turns).

pkoi the Brawler (Red Draconian Monk)              Turns: 48300, Time: 01:49:53

Health: 0/138      AC: 15    Str: 16    XL:     18   Next: 12%
Magic:  26/31      EV: 19    Int: 17    God:    Hepliaklqana [******]
Gold:   972        SH:  0    Dex: 16    Spells: 29/35 levels left

rFire   + +          .
                       - Unarmed
rCold   + . .        x - melded +3 warlock's mirror {omnireflect}
rNeg    . . .        (body armour unavailable)
rPois   +            (helmet restricted)
rElec   .            I - +2 cloak "Duv Nivihu" {rPois Will+}
rCorr   .            N - melded +2 pair of gloves {Stlth+}
SInv    .            t - +1 pair of boots
Will    ++...        r - amulet of the acrobat
Stlth   ++++         g - ring of protection from cold
HPRegen 0.43/turn    Y - ring "Vararrog" {rF+ Dex+3}
MPRegen 0.22/turn

%: acrobat
@: blade hands, slowed, studying Translocations, very slow
A: reduced essence, breathe fire, AC +10, unfitting armour, fire resistance 1,
cold-blooded
}: 1/15 runes: barnacled
a: Breathe Fire, End Transformation, Renounce Religion, Recall Ancestor,
Ancestor Identity, Transference, Idealise


You were on level 4 of the Spider Nest.
You worshipped Hepliaklqana.
Hepliaklqana was exalted by your worship.
You had blades for hands.
You visited 6 branches of the dungeon, and saw 31 of its levels.
You also visited: Gauntlet and Ice Cave.

You collected 2360 gold pieces.
You spent 1388 gold pieces at shops.

Inventory:

Hand Weapons
 Z - a +6 sling of flaming
Missiles
 d - 6 throwing nets
 M - 31 poisoned darts (quivered)
 O - 3 curare-tipped darts
Armour
 b - an orb of light
 h - a scarf of repulsion
 t - a +1 pair of boots (worn)
 x - the +3 warlock's mirror (melded) {omnireflect}
   (You bought it in a shop on level 1 of the Dungeon)

   Omnireflect: It can block and reflect piercing ranged attacks and magical
   attacks against the wielder's willpower.
 I - the +2 cloak "Duv Nivihu" (worn) {rPois Will+}
   (You bought it in a shop on level 1 of the Dungeon)

   rPois:     It protects you from poison.
   Will:      It increases your willpower.
 N - a +2 pair of gloves of stealth (melded)
Jewellery
 g - a ring of protection from cold (left blade hand)
 p - a ring of wizardry
 r - an amulet of the acrobat (around neck)
 u - a ring of positive energy
 P - a ring of protection from fire
 S - a ring of resist corrosion
 V - a ring of see invisible
 X - a ring of willpower
 Y - the ring "Vararrog" (right blade hand) {rF+ Dex+3}
   (You found it in a Gauntlet)

   [ring of protection from fire]

   Dex:       It affects your dexterity (+3).
   rF:        It protects you from fire.
Wands
 j - a wand of digging (5)
 m - a wand of roots (9)
 v - a wand of quicksilver (2)
 D - a wand of polymorph (14)
 L - a wand of flame (38)
 U - a wand of mindburst (5)
 W - a wand of paralysis (22)
Scrolls
 f - 7 scrolls of teleportation
 i - 12 scrolls of identify
 n - a scroll of brand weapon
 o - 2 scrolls of blinking
 y - 2 scrolls of enchant weapon
 E - 2 scrolls of summoning
 F - 7 scrolls of fear
 K - 4 scrolls of fog
 R - 5 scrolls of silence
 T - 2 scrolls of magic mapping
Potions
 a - 16 potions of curing
 e - 3 potions of berserk rage
 k - 2 potions of brilliance
 l - 9 potions of heal wounds
 q - 4 potions of invisibility
 s - 4 potions of resistance
 w - 7 potions of haste
 A - a potion of magic
 H - 4 potions of flight
 J - a potion of might
 Q - a potion of ambrosia
Miscellaneous
 c - a phantom mirror


   Skills:
 - Level 12.0 Fighting
 - Level 12.0 Dodging
 - Level 9.0 Stealth
 - Level 12.0 Shields
 + Level 20.2 Unarmed Combat
 - Level 9.0 Spellcasting
 - Level 4.3 Translocations
 + Level 10.3 Transmutations
 - Level 9.0 Invocations


You had 29 spell levels left.
You knew the following spells:

 Your Spells              Type           Power      Damage    Failure   Level
a - Apportation           Tloc           44%        N/A       19%         1
b - Blade Hands           Tmut           21%        N/A       28%         5

Your spell library contained the following spells:

 Spells                   Type           Power      Damage    Failure   Level
 Beastly Appendage        Tmut           84%        N/A       8%          1
 Wereblood                Tmut           42%        N/A       9%          2
 Passwall                 Tmut/Erth      20%        N/A       21%         2
 Spider Form              Tmut/Pois      25%        N/A       28%         3
 Foxfire                  Conj/Fire      28%        2x1d5     45%         1
 Freeze                   Ice            28%        1d5       45%         1
 Kiss of Death            Conj/Necr      28%        2d7       45%         1
 Necrotise                Necr           28%        1d5       45%         1
 Sandblast                Erth           14%        2d6       45%         1
 Summon Small Mammal      Summ           28%        N/A       45%         1
 Portal Projectile        Hex/Tloc       28%        N/A       50%         3
 Ensorcelled Hibernation  Hex/Ice        14%        N/A       54%         2
 Static Discharge         Conj/Air       14%        2-3/arc   54%         2
 Confusing Touch          Hex            7%         N/A       71%         3
 Frozen Ramparts          Ice            14%        1d3       71%         3
 Hailstorm                Conj/Ice       7%         3d4       71%         3
 Inner Flame              Hex/Fire       7%         N/A       71%         3
 Ozocubu's Armour         Ice            7%         N/A       71%         3
 Stone Arrow              Conj/Erth      14%        3d7       71%         3
 Swiftness                Air            7%         N/A       71%         3
 Tukima's Dance           Hex            7%         N/A       71%         3
 Yara's Violent Unravell  Hex/Tmut       12%        3d7       75%         5
 Airstrike                Air            3%         2d(1-17)  95%         4
 Dispel Undead            Necr           7%         3d8       95%         4
 Summon Lightning Spire   Summ/Air       7%         N/A       95%         4
 Fireball                 Conj/Fire      3%         3d4       99%         5
 Iron Shot                Conj/Erth      3%         9d2       100%        6
 Plasma Beam              Fire/Air       3%         2x1d15    100%        6
 Starburst                Conj/Fire      3%         6d3       100%        6
 Enfeeble                 Hex            3%         N/A       100%        7
 Malign Gateway           Summ/Tloc      7%         N/A       100%        7
 Ozocubu's Refrigeration  Ice            3%         4d8       100%        7
 Summon Horrible Things   Summ           3%         N/A       100%        8
 Animate Armour           Summ/Erth      Unusable   N/A       N/A         4

Dungeon Overview and Level Annotations

Branches:
Dungeon (15/15)            Temple (1/1) D:7            Lair (5/5) D:10
 Shoals (4/4) Lair:3       Spider (4/4) Lair:3        Slime (0/5) Lair:5
    Orc (2/2) D:11            Elf (0/3) Orc:2        Vaults (0/5) D:13
 Depths (0/4) D:15          IceCv (visited)         Gauntlet (visited)

Altars:
Ashenzari
Cheibriados
Dithmenos
Elyvilon
Fedhas
Gozag
Hepliaklqana
Kikubaaqudgha
Makhleb
Nemelex Xobeh
Okawaru
Qazlal
Ru
Sif Muna
Trog
Uskayaw
Vehumet
Wu Jian
Xom
Yredelemnul
Zin
The Shining One
Lugonu

Shops:
D:1 [   D:12 [   Orc:2 :[(!   Shoals:2 *

Portals:
Abyss: Lair:5

Annotations:
Spider:2 Roxanne


Innate Abilities, Weirdness & Mutations

You have blades for hands.
Your spellcasting is less reliable in this form.
You are incapable of wielding weapons or throwing items.
Your life essence is reduced to manifest your ancestor. (-10% HP)
You can breathe blasts of fire.
Your fiery red scales are hard. (AC +10)
You cannot fit into any form of body armour.
Your flesh is heat resistant. (rF+)
You are cold-blooded and may be slowed by cold attacks.


Message History

The demonic crawler completely misses you. x2
The demonic crawler misses you. The torpor snail completely misses you.
The meliai completely misses you. The meliai misses you.
You block the demonic crawler's attack. The demonic crawler hits you!
The demonic crawler completely misses you.
The spark wasp bursts into living lightning!
Your +3 warlock's mirror {omnireflect} blocks the living lightning... and reflects it back!
The spark wasp blinks!
The spark wasp buzzes angrily.
You pummel the torpor snail!!
The torpor snail is heavily wounded.
You block the meliai's attack.
The meliai stings you but does no damage.
The spark wasp bursts into living lightning!
The living lightning hits you.
The spark wasp blinks!
The meliai mumbles some strange prayers to its god against you.
Something smites you!
* * * LOW HITPOINT WARNING * * *
The torpor snail misses you.
The demonic crawler hits you but does no damage.
You block the demonic crawler's attack.
The demonic crawler hits you but does no damage.
The spark wasp misses you.
Unknown command.
Unknown command.
Cast which spell? (? or * to list)
Your hands turn into razor-sharp scythe blades.
Your +2 pair of gloves of stealth melds into your body.
The +3 warlock's mirror {omnireflect} melds into your body.
You feel less stealthy. The meliai hits you but does no damage.
The meliai closely misses you.
The meliai mumbles some strange prayers to its god against you.
Something smites you!
* * * LOW HITPOINT WARNING * * *
The spark wasp stings you!
* * * LOW HITPOINT WARNING * * *
The spark wasp shocks you!
* * * LOW HITPOINT WARNING * * *
The demonic crawler hits you.
You die...

.....#..............####......
....^#................#.......
^.................^..^#^=.....
............y.........^....^..
.............†.^..............
........#......####..........#
........#.........#...^.......
......#.#.......wy......#.....
................@s..^...#^....
........#.......y...###^# ...#
....#...#^............### ...^
...........^............#
...............<.........#
............###.^..^#.....
..............###...#.....
.........^...## #...#.....
############## ##### ###


You could see 2 spark wasps, a torpor snail, a demonic crawler and a meliai.

Vanquished Creatures
  Mlioglotl (Shoals:1)
  An emperor scorpion (Spider:2)
  An orc warlord (Orc:2)
  2 spark wasps
  A minotaur (Gauntlet)
  2 merfolk javelineers
  3 entropy weavers
  3 merfolk impalers
  3 vault guards
  3 hydras
  3 ogre magi (Orc:2)
  An anaconda (Lair:1)
  5 radroaches
  4 jorogumos
  2 merfolk avatars (Shoals:4)
  3 centaur warriors
  11 two-headed ogres
  7 boulder beetles
  An alligator snapping turtle (Shoals:4)
  3 death yaks
  4 merfolk aquamancers
  A tengu warrior (D:12)
  2 thrashing horrors
  2 large abominations (Lair:5)
  A skyshark (Lair:2)
  A sixfirhy (Gauntlet)
  A skeletal warrior (D:12)
  5 pharaoh ants
  5 sea snakes
  An orange crystal statue (IceCv)
  A steelbarb worm (Spider:3)
  An orc knight (D:15)
  2 spriggan simulacra
  A necromancer (D:15)
  2 orb spiders
  An obsidian statue (IceCv)
  7 harpies
  10 ugly things
  2 deep elf pyromancers
  8 wolf spiders
  5 fauns (Shoals:1)
  3 orc sorcerers
  4 black mambas
  5 cyclopes
  4 water nymphs
  6 manticores
  2 centaur zombies (D:15)
  14 elephants
  A moth of wrath (Spider:1)
  5 merfolk sirens
  3 demonic crawlers
  An ice statue (Lair:1)
  A smoke demon (Lair:5)
  2 gargoyles (D:12)
  3 torpor snails
  A rime drake (Lair:4)
  A centaur skeleton (D:15)
  3 komodo dragons
  5 cane toads
  A kobold demonologist (D:11)
  4 freezing wraiths
  2 efreet
  An anaconda simulacrum (Lair:1)
  A tengu conjurer (D:12)
  A yaktaur (D:15)
  3 ice devils
  4 trolls
  A polar bear (shapeshifter) (D:14)
  14 merfolk
  4 wind drakes
  8 tarantellas
  A wolf spider simulacrum (Gauntlet)
  A polar bear (Lair:1)
  4 meliai (Spider:3)
  Grinder (D:3)
  8 snapping turtles
  11 blink frogs
  8 dream sheep
  10 jumping spiders
  2 centaur simulacra
  4 wyverns
  10 culicivoras
  5 slime creatures
  A spriggan (Lair:5)
  A vampire (D:11)
  4 water elementals
  3 wraiths
  2 ynoxinuls (Lair:5)
  A dire elephant simulacrum (Shoals:3)
  21 yaks
  2 basilisks
  3 steam dragons
  20 redbacks
  A warg (Orc:1)
  A minotaur simulacrum (IceCv)
  A harpy simulacrum (Shoals:3)
  4 vampire mosquitoes
  4 small abominations (Lair:5)
  6 water moccasins
  8 orc warriors
  2 black bears
  5 ice beasts
  18 ogres
  8 centaurs
  2 kobold brigands
  A battlemage (Shoals:1)
  8 bullfrogs
  2 scorpions
  3 deep troll simulacra
  A gnoll sergeant (D:9)
  14 wights
  A water moccasin zombie (D:4)
  10 killer bees
  A lindwurm simulacrum (IceCv)
  4 electric eels
  6 howler monkeys
  A wyvern simulacrum (Gauntlet)
  4 hounds
  4 orc priests
  3 gnoll boudas
  3 jellies
  2 sleepcaps
  3 iguanas
  A hell rat (Lair:1)
  8 orc wizards
  A scorpion zombie (D:4)
  A polar bear simulacrum (Lair:1)
  A hound zombie (D:4)
  4 adders
  19 gnolls
  2 river rats (D:4)
  2 shadow imps
  2 white imps
  3 ufetubi
  2 adder zombies (D:4)
  2 worms
  2 dart slugs
  34 orcs
  A bat (D:1)
  7 endoplasms
  A giant cockroach (D:4)
  6 hobgoblins
  2 jackals (D:1)
  7 quokkas
  3 ball pythons
  2 frilled lizards (D:3)
  4 goblins
  18 kobolds
  3 rats (D:1)
623 creatures vanquished.

Vanquished Creatures (collateral kills)
  The ghost of Whoops the Severer, an adept DsFi of Okawaru (Shoals:1)
  An elemental wellspring (Shoals:1)
  6 merfolk impalers
  A vault guard (D:13)
  2 hydras
  A catoblepas (D:14)
  A death knight (D:13)
  An ogre mage (Orc:2)
  5 two-headed ogres
  A merfolk avatar (Shoals:4)
  2 centaur warriors
  5 boulder beetles
  3 merfolk aquamancers
  3 thrashing horrors
  4 death yaks
  4 skysharks
  6 sea snakes
  3 pharaoh ants
  4 orb spiders
  2 deep elf pyromancers (D:14)
  2 cyclopes
  8 harpies
  11 manticores
  2 steelbarb worms
  6 wolf spiders
  2 fauns (Shoals:1)
  9 ugly things
  3 merfolk sirens
  3 elephants
  3 black mambas
  2 naga magi (D:15)
  3 water nymphs
  4 demonic crawlers
  2 unseen horrors (D:12)
  3 torpor snails
  2 cane toads (Lair:3)
  3 rime drakes
  A komodo dragon (Lair:4)
  2 freezing wraiths
  A kobold demonologist (D:13)
  An ice devil (IceCv)
  A golden dragon simulacrum (IceCv)
  2 anaconda simulacra
  2 meliai (Spider:3)
  3 polar bears (Lair:1)
  A queen bee (shapeshifter) (D:14)
  3 wind drakes
  2 ancient zymes (Lair:5)
  A wolf spider simulacrum (D:15)
  14 merfolk
  16 tarantellas
  6 dream sheep
  15 blink frogs
  A snapping turtle (Shoals:4)
  5 culicivoras
  7 slime creatures
  15 jumping spiders
  A spriggan (Lair:5)
  A wraith (D:13)
  8 water elementals
  A centaur simulacrum (Gauntlet)
  A vampire (D:12)
  A dire elephant simulacrum (Shoals:3)
  7 basilisks
  5 small abominations
  10 yaks
  A minotaur simulacrum (IceCv)
  14 redbacks
  A vampire mosquito (D:13)
  A harpy simulacrum (Shoals:3)
  3 chaos spawn (Lair:5)
  A warg (Orc:2)
  An acid dragon (D:14)
  3 water moccasins
  A black bear (Lair:2)
  5 ice beasts (D:14)
  3 orc warriors
  10 ogres (Orc:2)
  A wolf (Lair:1)
  5 centaurs
  5 bullfrogs
  A gnoll sergeant (D:11)
  A cane toad simulacrum (Lair:1)
  An electric eel (Lair:1)
  3 jellies (Lair:5)
  2 orc priests
  3 orc wizards
  A spriggan simulacrum (Lair:1)
  A troll simulacrum (Lair:1)
  A boggart simulacrum (Gauntlet)
  4 gnolls
  A white imp (Lair:1)
  2 ufetubi (Gauntlet)
  7 orcs
  A quokka (D:2)
342 creatures vanquished.

Vanquished Creatures (others)
  30 battlemagi
  A quokka (D:14)
31 creatures vanquished.

Grand Total: 996 creatures vanquished

Notes
Turn   | Place    | Note
-------+----------+-------------------------------------------
     0 | D:1      | pkoi the Draconian Monk began the quest for the Orb.
     0 | D:1      | Reached XP level 1. HP: 19/19 MP: 1/1
   272 | D:1      | Reached XP level 2. HP: 26/26 MP: 2/2
   490 | D:1      | Reached skill level 4 in Unarmed Combat
   506 | D:1      | You fall into a shaft and drop 1 floor!
   647 | D:1      | Reached XP level 3. HP: 30/31 MP: 3/3
   647 | D:1      | Found Gimpar's Armour Shop.
   955 | D:2      | Found an ancient bone altar of Kikubaaqudgha.
  1817 | D:3      | Noticed an ice beast
  1840 | D:3      | Killed an ice beast
  1841 | D:3      | Reached skill level 5 in Unarmed Combat
  1841 | D:3      | Reached XP level 4. HP: 22/38 MP: 4/4
  1841 | D:3      | Reached XP level 5. HP: 26/45 MP: 5/5
  2096 | D:3      | Noticed Grinder
  2115 | D:3      | Identified a scroll of acquirement
  2115 | D:3      | Acquired a manual of Translocations
  2132 | D:3      | Paralysed by Grinder for 3 turns
  2142 | D:3      | Killed Grinder
  2143 | D:3      | Reached skill level 6 in Unarmed Combat
  2143 | D:3      | Reached XP level 6. HP: 31/51 MP: 6/6
  2944 | D:4      | Found a sparkling altar of Nemelex Xobeh.
  3068 | D:4      | Found a basalt altar of Yredelemnul.
  3188 | D:4      | Your scales start taking on a fiery red colour.
  3188 | D:4      | Reached XP level 7. HP: 48/57 MP: 7/7
  3188 | D:4      | Gained mutation: Your flesh is heat resistant. (rF+) [Red
                  | Draconian growth]
  3417 | D:5      | Entered Level 5 of the Dungeon
  3451 | D:5      | Reached skill level 7 in Unarmed Combat
  3543 | D:5      | Reached skill level 5 in Shields
  4172 | D:5      | Reached XP level 8. HP: 63/63 MP: 8/8
  4739 | D:5      | Reached skill level 8 in Unarmed Combat
  5537 | D:6      | Reached skill level 9 in Unarmed Combat
  5887 | D:7      | Reached skill level 5 in Fighting
  5892 | D:7      | Reached XP level 9. HP: 68/74 MP: 9/9
  6516 | D:7      | Found a staircase to the Ecumenical Temple.
  7176 | D:8      | Reached skill level 10 in Unarmed Combat
  7473 | D:7      | Reached skill level 5 in Dodging
  8022 | D:8      | Noticed a troll
  8030 | D:8      | Killed a troll
  8417 | D:1      | Bought the +2 cloak "Duv Nivihu" {rPois Will+} for 375 gold
                  | pieces
  9000 | D:8      | Reached skill level 11 in Unarmed Combat
  9000 | D:8      | Reached XP level 10. HP: 77/84 MP: 10/10
  9140 | D:9      | Noticed a boulder beetle
  9402 | D:9      | Noticed a cyclops
  9402 | D:9      | Noticed a cyclops
  9459 | D:9      | Killed a boulder beetle
 10020 | D:9      | Noticed a white ugly thing
 10029 | D:9      | Killed a white ugly thing
 10525 | D:10     | Entered Level 10 of the Dungeon
 10525 | D:10     | Found a staircase to the Lair.
 11431 | D:10     | Reached skill level 12 in Unarmed Combat
 11535 | D:10     | Noticed a white ugly thing
 11544 | D:10     | Killed a white ugly thing
 11589 | D:10     | Found an ornate altar of the Wu Jian Council.
 11594 | D:10     | Found an opulent altar of Gozag.
 11594 | D:10     | Found a broken altar of Ashenzari.
 11606 | D:10     | Found a shimmering blue altar of Sif Muna.
 11606 | D:10     | Found a blossoming altar of Fedhas.
 11780 | Temple   | Entered the Ecumenical Temple
 11807 | Temple   | Became a worshipper of Hepliaklqana the Forgotten
 11807 | Temple   | Reached * piety under Hepliaklqana
 11807 | Temple   | Reached ** piety under Hepliaklqana
 11808 | Temple   | Remembered your ancestor Thoko as a battlemage
 11926 | Lair:1   | Entered Level 1 of the Lair of Beasts
 12244 | Lair:1   | Noticed a boulder beetle
 12264 | Lair:1   | Killed a boulder beetle
 12265 | Lair:1   | Reached skill level 1 in Invocations
 12290 | Lair:1   | Noticed a cane toad
 12298 | Lair:1   | Killed a cane toad
 12299 | Lair:1   | Reached XP level 11. HP: 68/85 MP: 12/12
 12429 | Lair:1   | Noticed a death yak
 12429 | Lair:1   | Noticed a death yak
 12551 | Lair:1   | Noticed a death yak
 12593 | Lair:1   | Noticed a death yak
 12678 | D:10     | Killed a death yak
 12723 | Lair:1   | Killed a death yak
 12803 | Lair:1   | Noticed a death yak
 12819 | Lair:1   | Reached skill level 13 in Unarmed Combat
 12976 | Lair:1   | Killed a death yak
 13159 | Lair:1   | Identified the +0 fire dragon scales "Avuno" {rF++ rC-
                  | Str+2 Dex+4 SInv}
 13641 | Lair:1   | Noticed a seven-headed hydra
 13689 | Lair:2   | Noticed a four-headed hydra
 13854 | Lair:2   | Reached *** piety under Hepliaklqana
 13868 | Lair:2   | Noticed a skyshark
 13874 | Lair:2   | Killed a skyshark
 13894 | Lair:2   | Killed a four-headed hydra
 14026 | Lair:2   | Reached skill level 14 in Unarmed Combat
 14233 | Lair:1   | Noticed an anaconda
 14243 | Lair:1   | HP: 4/87 [anaconda (3)]
 14297 | Lair:1   | Noticed a seven-headed hydra
 14494 | Lair:1   | Killed a seven-headed hydra
 14495 | Lair:1   | Reached skill level 5 in Invocations
 14775 | Lair:1   | Reached XP level 12. HP: 93/93 MP: 15/15
 14833 | Lair:1   | Killed a seven-headed hydra
 15062 | Lair:1   | Killed an anaconda
 15791 | Lair:3   | HP: 3/93 [skyshark (7)]
 16309 | Lair:3   | Reached skill level 15 in Unarmed Combat
 16365 | Lair:3   | Noticed a four-headed hydra
 16376 | Lair:3   | Killed a four-headed hydra
 16419 | Lair:3   | Found a hole to the Spider Nest.
 16721 | Lair:3   | Found a staircase to the Shoals.
 16757 | Lair:3   | Noticed a death yak
 16757 | Lair:3   | Noticed a death yak
 16797 | Lair:3   | Noticed a death yak
 16839 | Lair:2   | Killed a death yak
 16923 | Lair:3   | Noticed a death yak
 16930 | Lair:2   | Killed a death yak
 17359 | Lair:3   | Killed a death yak
 17365 | Lair:3   | Killed a death yak
 17628 | D:1      | Bought the +3 warlock's mirror {omnireflect} for 480 gold
                  | pieces
 17628 | D:1      | Found the +3 warlock's mirror {omnireflect}
 17942 | Lair:4   | Reached **** piety under Hepliaklqana
 17976 | Lair:4   | Reached XP level 13. HP: 96/99 MP: 17/17
 18144 | Lair:4   | Reached skill level 16 in Unarmed Combat
 18836 | Lair:4   | Identified the +1 robe of Good Intentions {rF+ Will+}
 19021 | Lair:5   | Entered Level 5 of the Lair of Beasts
 19045 | Lair:5   | Found a staircase to the Slime Pits.
 19276 | Lair:5   | Reached skill level 17 in Unarmed Combat
 19853 | Lair:5   | Reached ***** piety under Hepliaklqana
 19890 | Lair:5   | Reached skill level 1 in Stealth
 21121 | Lair:5   | Reached XP level 14. HP: 92/107 MP: 19/19
 21339 | Lair:5   | Found a corrupted altar of Lugonu.
 21339 | Lair:5   | Found a one-way gate to the infinite horrors of the Abyss.
 21345 | Lair:5   | Identified the staff of earth "Amomair Xousk" {Will++
                  | Stlth+}
 22115 | D:11     | Found a staircase to the Orcish Mines.
 22627 | D:12     | Reached skill level 10 in Fighting
 22759 | D:12     | Learned a level 1 spell: Apportation
 22908 | D:12     | Identified the +7 spear of the Several Ships {freeze,
                  | rElec}
 22936 | D:11     | Reached skill level 1 in Translocations
 23267 | D:12     | Reached skill level 1 in Spellcasting
 23318 | D:12     | Reached skill level 10 in Shields
 23774 | D:12     | Found Gyej's Armour Shop.
 24389 | D:13     | Found a gate to the Vaults.
 24535 | D:12     | Reached skill level 10 in Dodging
 25580 | Shoals:1 | Entered Level 1 of the Shoals
 25595 | Lair:3   | Reached skill level 5 in Stealth
 25595 | Lair:3   | Reached skill level 18 in Unarmed Combat
 25988 | Shoals:1 | Reached XP level 15. HP: 115/115 MP: 21/21
 26355 | Shoals:1 | Noticed Whoops's ghost (adept DsFi)
 26372 | Shoals:1 | Found a runed translucent door.
 26735 | Shoals:1 | Noticed Mlioglotl
 26902 | Spider:1 | Entered Level 1 of the Spider Nest
 26904 | Spider:1 | You fall into a shaft and drop 1 floor!
 29700 | Orc:1    | Entered Level 1 of the Orcish Mines
 29787 | Orc:2    | Entered Level 2 of the Orcish Mines
 29787 | Orc:2    | Found a staircase to the Elven Halls.
 29832 | Orc:2    | Found a gate leading to a gauntlet.
 29841 | Gauntlet | Entered a Gauntlet
 29841 | Gauntlet | Found a transporter.
 29848 | Gauntlet | Found a transporter.
 29850 | Gauntlet | Found a transporter.
 29861 | Gauntlet | Found a transporter.
 29864 | Gauntlet | Found a transporter.
 29883 | Gauntlet | Found a transporter.
 29890 | Gauntlet | Found a transporter.
 29901 | Gauntlet | Found a transporter.
 29914 | Gauntlet | Found a transporter.
 29919 | Gauntlet | Found a transporter.
 29934 | Gauntlet | Found a transporter.
 29944 | Gauntlet | Found a transporter.
 29945 | Gauntlet | Found a transporter.
 30002 | Gauntlet | Found a transporter.
 30002 | Gauntlet | Found a runed translucent door.
 30148 | Gauntlet | Identified the ring "Vararrog" {rF+ Dex+3}
 30251 | Gauntlet | Reached ****** piety under Hepliaklqana
 31045 | Orc:2    | Found Tein's Distillery.
 31045 | Orc:2    | Found Womiodd's Antique Weapon Shop.
 31046 | Orc:2    | Found Oston's Armour Shop.
 31046 | Orc:2    | Found Moducsom's Book Emporium.
 31148 | Orc:2    | Reached XP level 16. HP: 125/125 MP: 22/22
 31629 | Orc:2    | Learned a level 5 spell: Blade Hands
 31808 | D:14     | Reached skill level 1 in Transmutations
 32573 | D:14     | Found a white marble altar of Elyvilon.
 32879 | D:15     | Entered Level 15 of the Dungeon
 32924 | D:15     | Reached skill level 19 in Unarmed Combat
 34032 | D:15     | Found a sacrificial altar of Ru.
 34153 | D:15     | Found a staircase to the Depths.
 35163 | Shoals:1 | Reached skill level 5 in Spellcasting
 36242 | Spider:2 | Reached skill level 5 in Transmutations
 36520 | Spider:2 | Noticed Roxanne
 37565 | Spider:2 | HP: 6/125 [poisoned by a wolf spider]
 38759 | Spider:3 | Reached XP level 17. HP: 102/131 MP: 26/26
 39894 | Spider:4 | Entered Level 4 of the Spider Nest
 40738 | Shoals:1 | Killed Mlioglotl
 41017 | Shoals:1 | Killed Whoops's ghost
 41479 | Shoals:2 | Found a burning altar of Makhleb.
 41752 | Shoals:2 | Found Iraaciess's Assorted Antiques.
 41783 | Shoals:2 | Reached skill level 20 in Unarmed Combat
 41866 | Shoals:2 | Bought a potion of curing for 123 gold pieces
 41866 | Shoals:2 | Bought a potion of haste for 410 gold pieces
 42227 | Shoals:3 | Found a frozen archway.
 42250 | IceCv    | Entered an ice cave
 43913 | IceCv    | Noticed an Ice Fiend
 43913 | IceCv    | Noticed an Ice Fiend
 44165 | Shoals:3 | HP: 4/131 [merfolk impaler/+2 trident of distortion (3)]
 44165 | Shoals:3 | HP: 1/131 [merfolk impaler/+2 trident of distortion (3)]
 44674 | Shoals:3 | Identified the +1 robe "Xoqi" {rN+ MP+9 Slay-3 Archmagi}
 45470 | Shoals:4 | Entered Level 4 of the Shoals
 47413 | Shoals:4 | Reached XP level 18. HP: 120/138 MP: 30/30
 47566 | Shoals:4 | Got a barnacled rune of Zot
 47575 | Shoals:4 | Identified the +4 spear of the Beast {elec, Dex+3 Stlth+}
 47616 | Shoals:4 | Reached skill level 10 in Transmutations
 48300 | Spider:4 | HP: 1/138 [spark wasp (14)]
 48300 | Spider:4 | Slain by a demonic crawler

Illustrated notes

Levels and vault maps discovered:
D:1:      ebering_trefoil_3fold, layout_loops_ring, serial_shops, shop_statue
D:2:      layout_basic, basic_altar
D:3:      layout_rooms, uniq_grinder
D:4:      wad_pebble_path, layout_cave_pools, nemelex_dance_club_becter,
          nicolae_yredelemnul_corpse_copse, gup_sewer_entry_bowl
D:5:      layout_gridville
D:6:      layout_cave_pods
D:7:      layout_basic, minmay_temple_entry_poolview
D:8:      layout_cave_pools
D:9:      minmay_diamond_stairs, layout_grid_maze
D:10:     layout_long_grid, minmay_overflow_temple_star_hex, lair_entry_dummy
D:11:     layout_cave_pods, david_orc_2
D:12:     layout_long_grid, serial_shops, nicolae_shop_tiny_statue_garden,
          corexii_leaking_fountain, onia_ninara_cookie
D:13:     layout_cave_pools, lightli_vaults_fourway_checkpoint
D:14:     minmay_ice_pillars, layout_basic, elyvilon_altar_4, st_stairs_11
D:15:     grunt_enter_depths_magical_seal, layout_basic,
          nicolae_ru_the_path_less_chosen
Temple:   hellmonk_temple_two_chambers
Lair:1:   dreamdust_isle_of_ice, layout_regular_city,
          chequers_serial_rivers_small_3, nicolae_lair_lakeside_cave
Lair:2:   layout_big_grid
Lair:3:   layout_long_grid, nicolae_shoals_entry_flooding,
          spider_nest_entry_rubble, ldierk_geyser,
          cheibrodos_lair_caveside_slide, st_stairs_3, serial_bayou_pond_b,
          columned_hall_lemuel
Lair:4:   layout_regular_city, lemuel_fruit_fields, grunt_megastairs_4,
          serial_bayou_shore_b
Lair:5:   hellmonk_lair_end_abyssal_woods, layout_regular_city,
          nicolae_slime_entry_field_trip, lemuel_fruit_fields
Shoals:1: layout_shoals, hellmonk_ghost_happy_afterlife,
          nicolae_shoals_spring_well_temple, uniq_mlioglotl
Shoals:2: layout_shoals, serial_shops, nicolae_shop_dealshenge,
          lemuel_altar_in_water, nicolae_shoals_dead_sea_scrolls
Shoals:3: layout_shoals, portal_ice_cave_entry_ice_simulacra,
          nicolae_shoals_pincushion_passage
Shoals:4: shoals_end_hangedman, layout_shoals
Spider:1: layout_spider_delve
Spider:2: layout_spider_delve, nicolae_spider_world_wide_web, uniq_roxanne
Spider:3: layout_chambers, nicolae_spider_eight_legs
Spider:4: hellmonk_spider_rune_bug_friends, nicolae_spider_spiderdrome
Orc:1:    layout_diamond_mine
Orc:2:    st_orc_ogre_mass, layout_caves, gauntlet_entry_generic

Skill      XL: |  1  2  3  4  5  6  7  8  9 10 11 12 13 14 15 16 17 18 |
---------------+-------------------------------------------------------+-----
Unarmed Combat | 4 5 6 7 9 11 12 14 15 17 18 19 20 | 20.2
Shields        | 2 3 4 5 6 8 9 10 12 | 12.0
Dodging        | 4 5 7 8 9 10 12 | 12.0
Fighting       | 5 6 8 9 10 12 | 12.0
Invocations    | 1 5 6 7 8 9 |  9.0
Stealth        | 2 5 6 8 9 |  9.0
Translocations | 4 |  4.3
Spellcasting   | 2 6 8 9 |  9.0
Transmutations | 5 9 10 | 10.3

Action                     |  1- 3 |  4- 6 |  7- 9 | 10-12 | 13-15 | 16-18 || total
---------------------------+-------+-------+-------+-------+-------+-------++-------
  Melee: Unarmed           |   112 |   143 |   287 |   336 |   998 |  1137 ||  3013
         Tailslap          |    26 |    17 |    42 |    63 |   202 |   236 ||   586
   Fire: Sling             |       |       |       |       |       |     1 ||     1
  Throw: Dart              |       |       |       |     3 |     3 |    41 ||    47
   Cast: Blade Hands       |       |       |       |       |       |     1 ||     1
 Invoke: Ancestor Life: Ba |       |       |       |     1 |       |       ||     1
         Recall Ancestor   |       |       |       |     6 |    14 |    39 ||    59
         Idealise          |       |       |       |       |       |     1 ||     1
Ability: Breathe Fire      |       |       |    38 |    42 |    38 |    33 ||   151
  Evoke: Wand              |       |       |       |     3 |       |     8 ||    11
    Use: Scroll            |     6 |     4 |     5 |    13 |     5 |     7 ||    40
         Potion            |     2 |     2 |       |     1 |     1 |     1 ||     7
   Stab: Sleeping          |     1 |       |     2 |       |     4 |    14 ||    21
         Distracted        |       |       |       |     2 |    21 |    32 ||    55
         Petrified         |       |       |       |       |     2 |       ||     2
         Paralysed         |       |       |       |       |       |     2 ||     2
 Armour: Skin              |    26 |    37 |    68 |    96 |   258 |   251 ||   736
  Dodge: Dodged            |    70 |    68 |   239 |   253 |   673 |   728 ||  2031
  Block: Buckler           |     3 |    21 |    85 |    76 |   478 |   513 ||  1176
         Reflection        |       |       |       |       |    28 |    35 ||    63
